 Dungeon Crawl Stone Soup version 0.32-a0-42-ga30500b4d3 (webtiles) character file.

Game seed: 10549160789615054308

2585 retardedninja the Magician (level 9, -2/66 HPs)
             Began as a Gnoll Fire Elementalist on Feb 1, 2024.
             Was an Initiate of Vehumet.
             Slain by a vampire mosquito (8 damage)
             ... on level 7 of the Dungeon on Feb 2, 2024.
             The game lasted 00:12:15 (8516 turns).

retardedninja the Magician (GnFE)                   Turns: 8516, Time: 00:12:16

Health: -2/66      AC:  5    Str:  7    XL:     9   Next: 58%
Magic:  10/19      EV: 14    Int: 20    God:    Vehumet [......]
Gold:   360        SH:  0    Dex: 12    Spells: 14/21 levels left

rFire   . . .        D - +2 halberd (vamp)
rCold   . . .        (shield currently unavailable)
rNeg    . . .        a - +0 robe
rPois   .            (no helmet)
rElec   .            (no cloak)
rCorr   .            y - +0 pair of gloves
SInv    .            g - +1 pair of boots
Will    .....        B - amulet of the acrobat
Stlth   +++          C - ring of wizardry
HPRegen 0.31/turn    r - ring of wizardry
MPRegen 0.16/turn

%: acrobat, wizardry (x2)
@: no status effects
A: fangs 1, strong nose, distributed training
a: Renounce Religion


You were on level 7 of the Dungeon.
You worshipped Vehumet.
Vehumet was noncommittal.
You visited 2 branches of the dungeon, and saw 8 of its levels.

You collected 360 gold pieces.

Inventory:

Hand Weapons
 D - a +2 vampiric halberd (weapon)
Missiles
 E - a throwing net
Armour
 a - a +0 robe (worn)
 g - a +1 pair of boots (worn)
 y - a +0 pair of gloves (worn)
 F - the +1 cloak "Soetatos" {^Contam rF+ Str+2}
   (You found it on level 6 of the Dungeon)

   Str+2:     It affects your strength (+2).
   rF+:       It protects you from fire.
   ^Contam:   It causes magical contamination when unequipped.
Jewellery
 c - an amulet of reflection
 r - a ring of wizardry (right hand)
 B - an amulet of the acrobat (around neck)
 C - a ring of wizardry (left hand)
Wands
 w - a wand of charming (28)
Scrolls
 b - a scroll of revelation {unknown}
 e - 2 scrolls of teleportation
 f - a scroll of immolation {unknown}
 l - a scroll of silence
 m - 4 scrolls of poison
 o - a scroll of butterflies {unknown}
 p - 2 scrolls of blinking {unknown}
 s - a scroll of fog {unknown}
 t - a scroll of amnesia
 u - 3 scrolls of torment
 x - 3 scrolls of fear
Potions
 d - a potion of curing
 i - 3 potions of lignification
 j - 5 potions of brilliance
 k - a potion of might
 v - a potion of haste
 z - a potion of invisibility {unknown}
 A - a potion of heal wounds {unknown}
 G - a potion of degeneration {unknown}


   Skills:
 + Level 4.5 Fighting
 + Level 4.5 Short Blades
 + Level 4.5 Long Blades
 + Level 4.5 Axes
 + Level 4.5 Maces & Flails
 + Level 4.5 Polearms
 + Level 4.5 Staves
 + Level 4.5 Ranged Weapons
 + Level 4.5 Throwing
 + Level 4.5 Armour
 + Level 6.5 Dodging
 + Level 6.2 Stealth
 + Level 4.5 Shields
 + Level 4.5 Unarmed Combat
 + Level 6.8 Spellcasting
 + Level 4.4 Conjurations
 + Level 3.7 Hexes
 + Level 3.7 Summonings
 + Level 3.7 Necromancy
 + Level 3.7 Translocations
 + Level 6.7 Fire Magic
 + Level 3.7 Ice Magic
 + Level 3.7 Air Magic
 + Level 3.7 Earth Magic
 + Level 3.7 Alchemy
 + Level 5.0 Invocations
 + Level 4.5 Evocations
 + Level 4.1 Shapeshifting


You had 14 spell levels left.
You knew the following spells:

 Your Spells              Type           Power      Damage    Failure   Level
a - Foxfire               Conj/Fire      100%       2x1d9     1%          1
b - Scorch                Fire           66%        2d7       1%          2
c - Flame Wave            Conj/Fire      29%        2d9       2%          4

Your spell library contained the following spells:

 Spells                   Type           Power      Damage    Failure   Level
 Slow                     Hex            88%        N/A       1%          1
 Confusing Touch          Hex            22%        N/A       1%          3
 Inner Flame              Hex/Fire       27%        N/A       1%          3
 Sigil of Binding         Hex            22%        N/A       1%          3
 Vampiric Draining        Necr           22%        2d7       1%          3
 Volatile Blastmotes      Fire/Tloc      54%        2d14      1%          3


Dungeon Overview and Level Annotations

Branches:
Dungeon (7/15)             Temple (1/1) D:5

Altars:
Ashenzari
Cheibriados
Dithmenos
Elyvilon
Fedhas
Gozag
Hepliaklqana
Kikubaaqudgha
Makhleb
Nemelex Xobeh
Okawaru
Qazlal
Ru
Sif Muna
Trog
Uskayaw
Vehumet
Wu Jian
Xom
Yredelemnul
Zin
The Shining One
Lugonu

Portals:
Abyss: D:5

Annotations:
D:3 1 runed translucent door, Crazy Yiuf


Innate Abilities, Weirdness & Mutations

You have very sharp teeth.
Your uncanny sense of smell can sniff out nearby items.
Your experience applies equally to all skills.


Message History

The vampire mosquito misses you.
The vampire mosquito completely misses you.
You are too injured to fight recklessly!
The vampire mosquito bites you.
The vampire mosquito draws strength from your injuries!
The vampire mosquito completely misses you.
The vampire mosquito misses you.
The vampire mosquito completely misses you. x2
The vampire mosquito closely misses you.
Casting: Foxfire (safe; 1% risk of failure)
Confirm with . or Enter, or press ? or * to list all spells.
Flames lash the vampire mosquito.
The vampire mosquito is almost destroyed.
The vampire mosquito's fire resistance burns away.
The vampire mosquito completely misses you.
The vampire mosquito closely misses you.
The vampire mosquito misses you. x2; The vampire mosquito bites you.
The vampire mosquito draws strength from your injuries!
The vampire mosquito bites you.
The vampire mosquito draws strength from your injuries!
Casting: Scorch (safe; 1% risk of failure)
Confirm with . or Enter, or press ? or * to list all spells.
Flames lash the vampire mosquito.
The vampire mosquito is lightly damaged.
The vampire mosquito's fire resistance burns away.
The vampire mosquito barely misses you. The vampire mosquito bites you!
The vampire mosquito draws strength from your injuries!
The vampire mosquito bites you!
* * * LOW HITPOINT WARNING * * *
The vampire mosquito draws strength from your injuries!
Casting: Scorch (safe; 1% risk of failure)
Confirm with . or Enter, or press ? or * to list all spells.
Flames lash the vampire mosquito.
The vampire mosquito is lightly damaged.
The vampire mosquito's fire resistance burns away.
The vampire mosquito bites you!
* * * LOW HITPOINT WARNING * * *
The vampire mosquito draws strength from your injuries!
The vampire mosquito bites you!
You die...

.... ∆ .... . #..# ..####..#
........# ........# . ........#
.... #############'##+##.....∆
................@y..# #######
................yy..+ #.....#
....................# #.....#
..................(.########...##
##'#####'####'##...........#...##
......+...#....#...........#....#
.)....#...#....'...........#....#
#)##.###+###.###...........###'##
#)##.##..###.######'##+#.........


You could see 3 vampire mosquitoes.

Vanquished Creatures
  Pikel (D:5)
  Prince Ribbit (D:6)
  Sigmund (D:2)
  Edmund (D:6)
  Duvessa (D:5)
  2 water moccasins
  A sky beast (D:7)
  An ice beast (D:6)
  2 ogres
  A phantom (D:4)
  4 lemures (D:5)
  2 kobold brigands
  A scorpion (D:5)
  Dowan (D:5)
  2 bombardier beetles
  3 orc priests
  2 hounds
  A jelly (D:6)
  An iguana (D:6)
  Ijyb (D:3)
  2 sleepcaps
  Jessica (D:2)
  An orc wizard (D:3)
  3 gnolls
  10 adders
  A shadow imp (D:6)
  2 white imps
  3 dart slugs
  4 ribbon worms
  11 orcs
  4 bats
  5 endoplasms
  5 giant cockroaches
  3 hobgoblins (D:3)
  3 jackals (D:3)
  6 kobolds
  12 quokkas
  5 ball pythons
  7 goblins
  4 rats
  A lurking horror (D:5)
123 creatures vanquished.

Vanquished Creatures (collateral kills)
  21 foxfires
21 creatures vanquished.

Vanquished Creatures (others)
  528 foxfires
528 creatures vanquished.

Grand Total: 672 creatures vanquished

Notes
Turn   | Place    | Note
-------+----------+-------------------------------------------
     0 | D:1      | retardedninja the Gnoll Fire Elementalist began the quest
                  | for the Orb.
     0 | D:1      | Reached XP level 1. HP: 13/13 MP: 6/6
   357 | D:1      | Reached XP level 2. HP: 19/19 MP: 3/7
   647 | D:1      | Found a faded altar of an unknown god.
   772 | D:1      | Reached skill level 5 in Spellcasting
   772 | D:1      | Reached XP level 3. HP: 25/25 MP: 5/9
  1155 | D:2      | Reached skill level 1 in Invocations
  1200 | D:2      | Found a sparkling altar of Nemelex Xobeh.
  1221 | D:2      | Reached skill level 1 in Fighting
  1221 | D:2      | Reached skill level 1 in Short Blades
  1221 | D:2      | Reached skill level 1 in Long Blades
  1221 | D:2      | Reached skill level 1 in Axes
  1221 | D:2      | Reached skill level 1 in Maces & Flails
  1221 | D:2      | Reached skill level 1 in Polearms
  1221 | D:2      | Reached skill level 1 in Staves
  1221 | D:2      | Reached skill level 1 in Ranged Weapons
  1221 | D:2      | Reached skill level 1 in Throwing
  1221 | D:2      | Reached skill level 1 in Armour
  1221 | D:2      | Reached skill level 1 in Shields
  1221 | D:2      | Reached skill level 1 in Unarmed Combat
  1221 | D:2      | Reached skill level 1 in Evocations
  1335 | D:2      | Reached skill level 1 in Shapeshifting
  1335 | D:2      | Reached XP level 4. HP: 32/32 MP: 9/11
  1684 | D:2      | Noticed Sigmund
  1693 | D:2      | Learned a level 2 spell: Scorch
  1699 | D:2      | Killed Sigmund
  1700 | D:2      | Reached skill level 1 in Hexes
  1700 | D:2      | Reached skill level 1 in Summonings
  1700 | D:2      | Reached skill level 1 in Necromancy
  1700 | D:2      | Reached skill level 1 in Translocations
  1700 | D:2      | Reached skill level 1 in Ice Magic
  1700 | D:2      | Reached skill level 1 in Air Magic
  1700 | D:2      | Reached skill level 1 in Earth Magic
  1700 | D:2      | Reached skill level 1 in Alchemy
  1700 | D:2      | Reached XP level 5. HP: 38/38 MP: 3/12
  1700 | D:2      | Reached XP level 6. HP: 44/44 MP: 3/13
  1958 | D:2      | Noticed Jessica
  1961 | D:2      | Killed Jessica
  2610 | D:3      | Reached skill level 5 in Dodging
  2836 | D:3      | Noticed Ijyb
  2847 | D:3      | Killed Ijyb
  2848 | D:3      | Found a shimmering blue altar of Sif Muna.
  3400 | D:3      | Found a runed translucent door.
  3401 | D:3      | Noticed Crazy Yiuf
  4344 | D:4      | Found a burning altar of Makhleb.
  4361 | D:4      | Reached XP level 7. HP: 34/51 MP: 1/15
  4838 | D:4      | Learned a level 4 spell: Flame Wave
  5230 | D:4      | Reached skill level 5 in Stealth
  5315 | D:5      | Entered Level 5 of the Dungeon
  5431 | D:5      | Found a staircase to the Ecumenical Temple.
  5450 | Temple   | Entered the Ecumenical Temple
  5562 | Temple   | Became a worshipper of Vehumet
  5682 | D:5      | Found a corrupted altar of Lugonu.
  5772 | D:5      | Found a one-way gate to the infinite horrors of the Abyss.
  5825 | D:5      | Noticed Pikel
  5863 | D:5      | Killed Pikel
  5864 | D:5      | Reached XP level 8. HP: 40/58 MP: 1/17
  6180 | D:5      | Noticed Duvessa
  6180 | D:5      | Noticed Dowan
  6186 | D:5      | Killed Duvessa
  6190 | D:5      | Killed Dowan
  6788 | D:6      | Reached XP level 9. HP: 46/65 MP: 3/18
  6894 | D:6      | Noticed Edmund
  6908 | D:6      | Killed Edmund
  7415 | D:6      | Noticed Prince Ribbit
  7424 | D:6      | Killed Prince Ribbit
  7485 | D:6      | Identified the +1 cloak "Soetatos" {^Contam rF+ Str+2}
  8294 | D:7      | Reached skill level 5 in Invocations
  8516 | D:7      | Slain by a vampire mosquito

Illustrated notes

Levels and vault maps discovered:
D:1:      dpeg_arrival_simpleton_b, layout_loops_ring,
          shapermc_ecumenical_altar_gd
D:2:      layout_rooms, basic_altar, minmay_misc_feat_five, uniq_jessica,
          uniq_sigmund
D:3:      layout_basic, nicolae_sif_muna_condensation, uniq_crazy_yiuf_cottage,
          uniq_ijyb
D:4:      wad_woods_stonehenge, layout_loops_corners, kennysheep_generic_room_3
D:5:      layout_basic, minmay_temple_entry_proselytizer,
          cheibrodos_sewer_entry_bend, amcnicky_altar_lugonu_corruption,
          uniq_duvessa, uniq_pikel
D:6:      layout_rooms, uniq_edmund, uniq_prince_ribbit1
D:7:      layout_gridville, serial_shops, nicolae_shop_window_shopping
Temple:   roderic_octagonal_lattice_temple

Skill      XL: |  1  2  3  4  5  6  7  8  9 |
---------------+----------------------------+-----
Conjurations   | 2 3 4 |  4.4
Spellcasting   | 5 6 |  6.8
Invocations    | 1 2 3 4 5 |  5.0
Fighting       | 1 2 3 4 |  4.5
Short Blades   | 1 2 3 4 |  4.5
Long Blades    | 1 2 3 4 |  4.5
Axes           | 1 2 3 4 |  4.5
Maces & Flails | 1 2 3 4 |  4.5
Polearms       | 1 2 3 4 |  4.5
Staves         | 1 2 3 4 |  4.5
Ranged Weapons | 1 2 3 4 |  4.5
Throwing       | 1 2 3 4 |  4.5
Armour         | 1 2 3 4 |  4.5
Shields        | 1 2 3 4 |  4.5
Unarmed Combat | 1 2 3 4 |  4.5
Evocations     | 1 2 3 4 |  4.5
Shapeshifting  | 1 2 3 4 |  4.1
Hexes          | 1 2 3 |  3.7
Summonings     | 1 2 3 |  3.7
Necromancy     | 1 2 3 |  3.7
Translocations | 1 2 3 |  3.7
Ice Magic      | 1 2 3 |  3.7
Air Magic      | 1 2 3 |  3.7
Earth Magic    | 1 2 3 |  3.7
Alchemy        | 1 2 3 |  3.7
Dodging        | 5 6 |  6.5
Stealth        | 5 6 |  6.2
Fire Magic     | 6 |  6.7

Action                     |  1- 3 |  4- 6 |  7- 9 || total
---------------------------+-------+-------+-------++-------
  Melee: Halberd           |       |    10 |     6 ||    16
         Bite              |       |     1 |       ||     1
   Cast: Foxfire           |    58 |   134 |   135 ||   327
         Scorch            |       |    21 |    43 ||    64
         Flame Wave        |       |       |     4 ||     4
  Evoke: Wand              |       |       |     4 ||     4
    Use: Scroll            |       |     7 |     9 ||    16
         Potion            |       |       |     4 ||     4
 Armour: Robe              |     8 |    24 |    59 ||    91
  Dodge: Dodged            |     5 |    28 |   142 ||   175

Table legend: (Time is in decaauts)
 A = Elapsed time spent in this place.
 B = Non-inter-level travel time spent in this place.
 C = Inter-level travel time spent in this place.
 D = Time resting spent in this place.
 E = Time spent auto-exploring this place.
 F = Levels seen in this place.
 G = Mean time per level.
                   A        B        C        D        E       F      G
               +--------+--------+--------+--------+--------+-----+--------+
         Total |   8523 |   8260 |    263 |   1088 |   5971 |   8 | 1065.4 |
       Dungeon |   8389 |   8166 |    223 |   1088 |   5883 |   7 | 1198.4 |
        Temple |    133 |     93 |     40 |      0 |     88 |   1 |  133.0 |
               +--------+--------+--------+--------+--------+-----+--------+

Top non-repeatable levels by time:
     D:4: 1504 daAuts
     D:2: 1451 daAuts
     D:5: 1317 daAuts
     D:6: 1285 daAuts
     D:3: 1260 daAuts
     D:1: 1099 daAuts
     D:7: 471 daAuts
  Temple: 133 daAuts
